Map: 普列昂台地

Players

Rose (Python)

  • Race: Zerg Zerg
  • League: Grandmaster

Rex - Winner!

  • Race: Zerg Zerg
  • League: Grandmaster

Event: 2016 WCS Winter Challenger Taiwan

VOD

Have the link to the VOD?

Description

Time

  • Played on: Jan. 15, 2016, 7:19 a.m.
  • Length: 4:57

All games in this series

Show
View Real Time Build Order
Export as new Build Order

Rose Zerg 

Build Orders: Pool First, Zergling Baneling 

Get SALT Encoding   

  12  0:00  Drone  
  13  0:07  Drone  
  14  0:22  Extractor  
  14  0:28  Spawning Pool  
  12  0:32  Drone  
  13  0:37  Drone  
  14  0:44  Overlord  
  14  1:03  Drone  
  15  1:15  Zergling x6  
  18  1:19  Queen  
  20  1:26  Zergling x2  
  20  1:29  Metabolic Boost  
  21  1:37  Drone  
  22  1:51  Overlord  
  22  2:11  Drone  
  22  2:12  Hatchery  
  22  2:21  Baneling Nest  
  21  2:23  Drone  
  23  2:30  Drone  
  23  2:35  Drone  
  23  2:36  Drone  
  25  2:40  Drone  
  26  2:51  Queen  
  28  3:03  Overlord, Drone  
  29  3:14  Zergling x2  
  30  3:23  Baneling x3  
  30  3:24  Zergling x2  
  30  3:25  Zergling x4  
  30  3:26  Zergling x2  
  34  3:30  Baneling  
  34  3:40  Zergling x8  
  35  3:50  Zergling x4  
  37  3:58  Drone x2  
  34  4:06  Baneling x2  
  34  4:07  Zergling x8  
  28  4:20  Zergling x6  
  28  4:32  Zergling x6  
  30  4:40  Baneling  
  30  4:41  Baneling x3  
Show
View Real Time Build Order
Export as new Build Order

Rex Zerg - Winner!

Build Orders: Pool First 

Get SALT Encoding   

  12  0:01  Drone  
  13  0:08  Drone  
  14  0:18  Overlord  
  14  0:24  Extractor  
  14  0:25  Drone  
  15  0:36  Drone  
  15  0:37  Drone  
  17  0:48  Extractor  
  16  0:51  Spawning Pool  
  16  0:54  Drone  
  16  0:58  Drone  
  17  1:23  Hatchery  
  16  1:38  Queen  
  18  1:40  Zergling x2  
  19  1:51  Metabolic Boost  
  19  1:53  Zergling x2  
  20  1:56  Zergling x2  
  20  2:00  Drone  
  22  2:08  Overlord  
  21  2:26  Queen  
  23  2:31  Baneling Nest  
  22  2:38  Spine Crawler  
  22  2:42  Zergling x2  
  22  2:47  Zergling x2  
  22  2:49  Zergling x2  
  24  2:53  Zergling x2  
  24  2:57  Zergling x2  
  26  3:01  Zergling x2  
  27  3:06  Zergling x2  
  27  3:09  Zergling x2  
  29  3:16  Zergling x2  
  29  3:17  Baneling x3  
  30  3:24  Zergling x4  
  32  3:30  Zergling x4  
  34  3:37  Drone  
  35  3:47  Zergling x4  
  35  3:52  Overlord  
  35  3:56  Zergling x2  
  35  4:02  Zergling x2  
  36  4:10  Zergling x6  
  38  4:19  Zergling x4  
  38  4:20  Zergling x4  
  39  4:29  Zergling x2  
  40  4:38  Zergling x2  
  40  4:39  Zergling x8  
Tags
 
Add a new tag
Caveats
  • Supply blocks, unpowered buildings, or Contaminate may cause inaccurate times.
  • Supply counts are checked every 10 seconds.